 Dungeon Crawl Stone Soup version 0.29-a0-317-gd16b76e6b1 (webtiles) character file.

Game seed: 13799950229864889280

34 sanka the Ducker (level 3, -6/35 HPs)
             Began as a Gnoll Monk on Mar 31, 2022.
             Splashed by a jelly's acid (8 damage)
             ... on level 3 of the Dungeon.
             The game lasted 00:01:14 (1348 turns).

sanka the Ducker (Gnoll Monk)                       Turns: 1348, Time: 00:01:15

Health: -6/35      AC: -4    Str: 12    XL:     3   Next: 31%
Magic:  4/4        EV: 15    Int:  9    God:
Gold:   67         SH:  0    Dex: 14    Spells: 3/3 levels left

rFire   . . .      SeeInvis .   a - +0 hand axe
rCold   . . .      Faith    .   (no shield)
rNeg    . . .      Spirit   .   b - +0 robe
rPois   .          Reflect  .   j - +0 helmet
rElec   .          Harm     .   (no cloak)
rCorr   .          Rampage  .   (no gloves)
Will    .....                   (no boots)
Stlth   +++.......              (no amulet)
HPRegen 0.11/turn               (no ring)
MPRegen 0.09/turn               (no ring)

@: corroded
A: fangs 1, strong nose, distributed training
a: no special abilities


You were on level 3 of the Dungeon.
You visited 1 branch of the dungeon, and saw 3 of its levels.

You collected 67 gold pieces.


Innate Abilities, Weirdness & Mutations

You have very sharp teeth.
Your uncanny sense of smell can sniff out nearby items.
Your experience applies equally to all skills.


   Skills:
 + Level 6.5 Fighting
 + Level 0.7 Short Blades
 + Level 0.7 Long Blades
 + Level 6.5 Axes
 + Level 0.7 Maces & Flails
 + Level 0.7 Polearms
 + Level 0.7 Staves
 + Level 0.7 Slings
 + Level 0.7 Bows
 + Level 0.7 Crossbows
 + Level 0.7 Throwing
 + Level 0.7 Armour
 + Level 6.5 Dodging
 + Level 4.1 Stealth
 + Level 0.7 Shields
 + Level 0.7 Unarmed Combat
 + Level 0.7 Spellcasting
 + Level 0.5 Conjurations
 + Level 0.5 Hexes
 + Level 0.5 Summonings
 + Level 0.5 Necromancy
 + Level 0.5 Translocations
 + Level 0.5 Transmutations
 + Level 0.5 Fire Magic
 + Level 0.5 Ice Magic
 + Level 0.5 Air Magic
 + Level 0.5 Earth Magic
 + Level 0.5 Poison Magic
 + Level 0.9 Invocations
 + Level 0.7 Evocations


You had 3 spell levels left.
You didn't know any spells.
Your spell library contained the following spells:

 Spells                   Type           Power      Damage    Failure   Level
 Beastly Appendage        Tmut           2%         N/A       30%         1
 Wereblood                Tmut           1%         N/A       43%         2
 Conjure Flame            Conj/Fire      1%         6-21      67%         3
 Ignite Poison            Fire/Tmut/Pois 1%         N/A       67%         3
 Spider Form              Tmut/Pois      1%         N/A       67%         3
 Sticky Flame             Conj/Fire      1%         2d3       97%         4

Inventory:

Hand Weapons
 a - a +0 hand axe (weapon)
Missiles
 g - 3 curare-tipped darts (quivered) {=f}
Armour
 b - a +0 robe (worn)
 j - a +0 helmet (worn)
Scrolls
 d - a scroll of identify {unknown}
 e - a scroll of fear {unknown}
 f - 2 scrolls of teleportation {unknown}
 l - 2 scrolls of enchant armour {unknown}
 n - a scroll of torment {unknown}
 o - a scroll of summoning {unknown}
Potions
 c - a potion of ambrosia
 h - a potion of haste {unknown}
 i - 2 potions of curing {unknown}
 k - a potion of heal wounds {unknown}
 m - a potion of invisibility {unknown}

Dungeon Overview and Level Annotations

Branches:
Dungeon (3/15)

Altars:

▒ ... ....▒
▒. .. ....
.... ...
.▒. ..▒
..▒..∆ ...
▒.▒ ▒g▒
▒Jr....▒
....▒....
∆....... ..
r........
......▒▒.▒▒
▒......▒ .▒
▒.▒▒▒..▒ .


You could see a jelly and 2 rats.


Message History

The jelly is lightly wounded.
You barely miss the rat. The jelly misses you.
Unknown command.
You hit the jelly but do no damage.
Your hands burn!
* * * LOW HITPOINT WARNING * * *
The jelly is lightly wounded.
You hit the rat but do no damage. The rat bites you.
* * * LOW HITPOINT WARNING * * *
The jelly misses you.
You hit the jelly but do no damage.
Your hands burn!
* * * LOW HITPOINT WARNING * * *
You bite the jelly, but do no damage.
The jelly is lightly wounded.
You hit the rat but do no damage. The rat closely misses you.
The jelly barely misses you.
You hit the jelly.
Your hands burn!
* * * LOW HITPOINT WARNING * * *
The jelly is moderately wounded.
You hit the rat but do no damage. The rat closely misses you.
The jelly hits you.
* * * LOW HITPOINT WARNING * * *
You are splashed with acid!
You die...

Action                   || total
-------------------------++-------
Melee: Hand axe          ||    70
       Bite              ||     6
 Stab: Sleeping          ||     3
Armor: Robe              ||     5
Dodge: Dodged            ||    63

Levels and vault maps discovered:
D:1:      kennysheep_arrival_seaside, layout_basic
D:2:      layout_basic, st_stairs_9
D:3:      minmay_skewed_foursquare, layout_loops_ring, grunt_gozag_breadcrumbs,
          serial_glass, glass_columns_c, glass_columns_b

Notes
Turn   | Place    | Note
-------+----------+-------------------------------------------
     0 | D:1      | sanka the Gnoll Monk began the quest for the Orb.
     0 | D:1      | Reached XP level 1. HP: 23/23 MP: 1/1
   343 | D:1      | Reached XP level 2. HP: 26/29 MP: 2/2
  1232 | D:2      | Reached XP level 3. HP: 35/35 MP: 3/3
  1348 | D:3      | HP: 2/35 [jelly (2)]
  1348 | D:3      | Splashed by a jelly's acid

Vanquished Creatures
  An adder (D:2)
  A dart slug (D:2)
  An endoplasm (D:1)
  A giant cockroach (D:1)
  4 goblins
  A hobgoblin (D:2)
  2 kobolds (D:1)
  2 quokkas (D:1)
  5 ball pythons
  A bat (D:1)
  A frilled lizard (D:2)
  3 rats (D:1)
23 creatures vanquished.
